 Dungeon Crawl Stone Soup version 0.21-a0-348-ga060c75 (webtiles) character file.

3914 tin111 the Magician (level 10, -6/74 HPs)
             Began as a Gnoll Wanderer on Oct 6, 2017.
             Was a Believer of Sif Muna.
             Mangled by awesine's ghost (11 damage)
             ... on level 8 of the Dungeon.
             The game lasted 00:34:36 (7407 turns).

tin111 the Magician (Gnoll Wanderer)                Turns: 7407, Time: 00:34:36

Health: -6/74      AC:  7    Str: 16    XL:     10   Next: 20%
Magic:  13/20      EV: 15    Int: 21    God:    Sif Muna [**....]
Gold:   409        SH:  0    Dex: 17    Spells: 20/23 levels left

rFire    . . .     SeeInvis .   H - +10 trident "Orekhibe" {speed, rElec rPois Int+5}
rCold    . . .     Gourm    .   (no shield)
rNeg     . . .     Faith    .   k - +1 leather armour {MR+}
rPois    +         Spirit   .   (no helmet)
rElec    +         Reflect  .   (no cloak)
rCorr    .         Harm     .   E - +0 pair of gloves
MR       +....     Clarity  +   (no boots)
Stlth    +++.......             l - amulet of regeneration
HPRegen  0.62/turn              C - ring of wizardry
MPRegen  0.17/turn              (no ring)

@: no status effects
A: distributed training, fangs 1, thin metallic scales 1, agile 1, blurry vision
1, clarity, strong nose
a: Divine Energy, Renounce Religion


You were on level 8 of the Dungeon.
You worshipped Sif Muna.
Sif Muna was pleased with you.
You were not hungry.

You visited 2 branches of the dungeon, and saw 9 of its levels.
You also visited: Sewer.

You collected 437 gold pieces.
You spent 28 gold pieces at shops.

Inventory:

Hand Weapons
 d - a +1 dagger of venom
 H - the +10 trident "Orekhibe" (weapon) {speed, rElec rPois Int+5}
   (You found it on level 6 of the Dungeon)

   Attacks with this weapon are significantly faster.
   It affects your intelligence (+5).
   It insulates you from electricity.
   It protects you from poison.
Missiles
 g - 3 javelins of penetration (quivered)
 w - 10 tomahawks
 O - 5 javelins
Armour
 e - a +0 leather armour of poison resistance
 k - a +1 leather armour of magic resistance (worn)
 E - a +0 pair of gloves (worn)
Jewellery
 l - an amulet of regeneration (around neck)
 m - an uncursed amulet of guardian spirit
 C - a ring of wizardry (left hand)
Wands
 j - a wand of lightning (11/15)
 u - a wand of paralysis (9/24)
Scrolls
 h - 5 scrolls of teleportation
 o - 3 scrolls of remove curse
 p - a scroll of recharging
 x - a scroll of amnesia {unknown}
 y - a scroll of random uselessness {unknown}
 B - a scroll of blinking {unknown}
 F - 3 scrolls of identify
 K - a scroll of noise {unknown}
Potions
 n - 6 potions of curing
 q - 3 potions of degeneration {unknown}
 r - 2 potions of mutation {unknown}
 s - 4 potions of agility
 t - 2 potions of lignification {unknown}
 v - 4 potions of flight {unknown}
 z - 7 potions of heal wounds
 A - 3 potions of might {unknown}
 D - a potion of magic {unknown}
Books
 a - a book of Minor Magic

   Spells                             Type                      Level
   a - Magic Dart                     Conjuration                  1
   b - Blink                          Translocation                2
   c - Call Imp                       Summoning                    2
   d - Slow                           Hexes                        2
   e - Conjure Flame                  Conjuration/Fire             3
   f - Mephitic Cloud                 Conjuration/Poison/Air       3
 b - the Collected Works on Displacement

   Spells                             Type                      Level
   a - Apportation                    Translocation                1
   b - Gell's Gravitas                Translocation                3
 c - the Incunabulum of Flight

   Spells                             Type                      Level
   a - Shock                          Conjuration/Air              1
   b - Mephitic Cloud                 Conjuration/Poison/Air       3
 G - a book of Flames

   Spells                             Type                      Level
   a - Flame Tongue                   Conjuration/Fire             1
   b - Throw Flame                    Conjuration/Fire             2
   c - Conjure Flame                  Conjuration/Fire             3
   d - Inner Flame                    Hexes/Fire                   3
   e - Sticky Flame                   Conjuration/Fire             4
   f - Fireball                       Conjuration/Fire             5
 M - a book of Changes

   Spells                             Type                      Level
   a - Beastly Appendage              Transmutation                1
   b - Sticks to Snakes               Transmutation                2
   c - Spider Form                    Transmutation/Poison         3
   d - Ice Form                       Ice/Transmutation            4
   e - Blade Hands                    Transmutation                5
 N - a book of Battle

   Spells                             Type                      Level
   a - Infusion                       Charms                       1
   b - Shroud of Golubria             Charms/Translocation         2
   c - Song of Slaying                Charms                       2
   d - Spectral Weapon                Hexes/Charms                 3
   e - Regeneration                   Charms/Necromancy            3
Comestibles
 f - 5 bread rations
 i - 3 meat rations
 I - 2 royal jellies
 J - 3 fruits
 L - 5 chunks of flesh


   Skills:
 + Level 5.0 Fighting
 + Level 5.0 Short Blades
 + Level 5.0 Long Blades
 + Level 5.0 Axes
 + Level 5.0 Maces & Flails
 + Level 5.0 Polearms
 + Level 5.0 Staves
 + Level 5.0 Slings
 + Level 5.0 Bows
 + Level 5.0 Crossbows
 + Level 5.0 Throwing
 + Level 5.0 Armour
 + Level 5.0 Dodging
 + Level 5.0 Stealth
 + Level 6.8 Shields
 + Level 5.0 Unarmed Combat
 + Level 7.1 Spellcasting
 + Level 5.6 Conjurations
 + Level 5.0 Hexes
 + Level 5.0 Charms
 + Level 6.8 Summonings
 + Level 5.0 Necromancy
 + Level 5.6 Translocations
 + Level 5.0 Transmutations
 + Level 5.0 Fire Magic
 + Level 5.0 Ice Magic
 + Level 6.8 Air Magic
 + Level 5.0 Earth Magic
 + Level 5.0 Poison Magic
 + Level 5.0 Invocations
 + Level 5.0 Evocations


You had 20 spell levels left.
You knew the following spells:

 Your Spells              Type           Power        Failure   Level  Hunger
a - Magic Dart            Conj           ####         1%          1    None
b - Throw Flame           Conj/Fire      ####..       1%          2    None


Dungeon Overview and Level Annotations

Branches:
Dungeon (8/15)             Temple (1/1) D:4
   Lair: D:8-11

Altars:
Ashenzari
Fedhas
Okawaru
Ru
Sif Muna
Vehumet
Wu Jian

Shops:
D:6 (   D:7 %

Annotations:
D:8 awesine's ghost, novice GrFi


Innate Abilities, Weirdness & Mutations

Your experience applies equally to all skills.
You have very sharp teeth.
Your uncanny sense of smell can sniff out nearby items.
You are partially covered in thin metallic scales. (AC +2)
You are agile. (Dex +2)
Scrolls take you a little longer to read.
You possess an exceptional clarity of mind.


Message History

Aim: awesine's ghost (moderately damaged)
The puff of flame hits awesine's ghost.
Awesine's ghost resists.
Awesine's ghost is moderately damaged.
Awesine's ghost hits you but does no damage.
Casting: Throw Flame
Confirm with . or Enter, or press ? or * to list all spells.
Aiming: Throw Flame
Press: ? - help, Shift-Dir - straight line, f/p - awesine's ghost
Aim: awesine's ghost (moderately damaged)
The puff of flame hits awesine's ghost.
Awesine's ghost appears unharmed.
Awesine's ghost is moderately damaged.
Awesine's ghost hits you!
* * * LOW HITPOINT WARNING * * *
Really read with blurry vision while enemies are nearby? [Y]es or [N]o only, please.
Really read with blurry vision while enemies are nearby? [Y]es or [N]o only, please.
Really read with blurry vision while enemies are nearby?
Awesine's ghost hits you!
You die...

#......###........########.##
##(.....##........# #..#
#......##........# #...
#......##........# #...
#......##........# #...
#......##........# #...
#......##........# #...
#......#####################
#......'...@Wl...........).(
#......#######.......#######
#.............. ... .'......
#.############. . .#####..
#.# #.. #.# ∆ #.. #.# #.. #.#
#.. #.# ###


You could see an iguana and awesine's ghost.

Vanquished Creatures
  A two-headed ogre (D:8)
  Sigmund (D:6)
  Duvessa (D:6)
  An ice beast (D:5)
  2 sky beasts (D:5)
  4 centaurs
  3 ogres
  4 bullfrogs
  Dowan (D:6)
  A scorpion (D:7)
  5 killer bees (D:7)
  A water moccasin skeleton (D:6)
  2 howler monkeys
  3 crimson imps
  A bullfrog zombie (D:6)
  4 hounds
  A jelly (D:5)
  5 orc priests
  A bullfrog skeleton (D:5)
  2 centaur skeletons
  A gnoll shaman (D:4)
  3 iguanas
  6 worker ants
  10 orc wizards
  A killer bee zombie (D:7)
  5 gnolls (D:4)
  6 adders
  7 river rats (Sewer)
  A shadow imp (D:6)
  An ooze (Sewer)
  3 adder zombies
  2 adder skeletons (D:4)
  3 worms (D:5)
  3 dart slugs
  8 leopard geckos
  18 orcs
  7 ball pythons
  8 giant cockroaches
  6 hobgoblins
  11 jackals
  2 quokkas
  A ball python skeleton (D:4)
  10 bats
  12 frilled lizards
  6 goblins
  A jackal skeleton (D:7)
  2 jackal zombies
  26 kobolds
  A leopard gecko skeleton (D:5)
  3 quokka skeletons
  22 rats
240 creatures vanquished.

Notes
Turn   | Place    | Note
-------+----------+-------------------------------------------
     0 | D:1      | tin111 the Gnoll Wanderer began the quest for the Orb.
     0 | D:1      | tin111 set off with: a book of Minor Magic, the Collected Works on Displacement, the Incunabulum of Flight, a +0 robe, a +0 club, a bread ration
     0 | D:1      | Reached XP level 1. HP: 13/13 MP: 6/6
     2 | D:1      | Learned a level 1 spell: Magic Dart
   335 | D:1      | Reached XP level 2. HP: 19/19 MP: 3/7
   644 | D:1      | Reached XP level 3. HP: 25/25 MP: 1/9
   721 | D:2      | Reached skill level 5 in Spellcasting
  1151 | D:2      | Reached skill level 1 in Fighting
  1151 | D:2      | Reached skill level 1 in Short Blades
  1151 | D:2      | Reached skill level 1 in Long Blades
  1151 | D:2      | Reached skill level 1 in Axes
  1151 | D:2      | Reached skill level 1 in Maces & Flails
  1151 | D:2      | Reached skill level 1 in Polearms
  1151 | D:2      | Reached skill level 1 in Staves
  1151 | D:2      | Reached skill level 1 in Slings
  1151 | D:2      | Reached skill level 1 in Bows
  1151 | D:2      | Reached skill level 1 in Crossbows
  1151 | D:2      | Reached skill level 1 in Throwing
  1151 | D:2      | Reached skill level 1 in Armour
  1151 | D:2      | Reached skill level 1 in Dodging
  1151 | D:2      | Reached skill level 1 in Stealth
  1151 | D:2      | Reached skill level 1 in Unarmed Combat
  1151 | D:2      | Reached skill level 1 in Hexes
  1151 | D:2      | Reached skill level 1 in Charms
  1151 | D:2      | Reached skill level 1 in Necromancy
  1151 | D:2      | Reached skill level 1 in Transmutations
  1151 | D:2      | Reached skill level 1 in Fire Magic
  1151 | D:2      | Reached skill level 1 in Ice Magic
  1151 | D:2      | Reached skill level 1 in Earth Magic
  1151 | D:2      | Reached skill level 1 in Poison Magic
  1151 | D:2      | Reached skill level 1 in Invocations
  1151 | D:2      | Reached skill level 1 in Evocations
  1173 | D:2      | Reached XP level 4. HP: 30/32 MP: 11/11
  1571 | D:3      | Found a shattered altar of Ashenzari.
  1636 | D:3      | Found a blossoming altar of Fedhas.
  2049 | D:3      | You fall through a shaft for 3 floors!
  2084 | D:5      | Entered Level 5 of the Dungeon
  2084 | D:5      | Noticed a sky beast
  2104 | D:5      | Reached XP level 5. HP: 23/37 MP: 10/12
  2106 | D:5      | Killed a sky beast
  2109 | D:5      | Gained mutation: You are agile. (Dex +2) [mutagenic meat]
  2110 | D:5      | Gained mutation: Scrolls take you a little longer to read. [mutagenic meat]
  2111 | D:5      | Gained mutation: You possess an exceptional clarity of mind. [mutagenic meat]
  2155 | D:5      | Found a sacrificial altar of Ru.
  2173 | D:5      | Reached XP level 6. HP: 44/44 MP: 9/13
  2387 | D:5      | Noticed a sky beast
  2407 | D:5      | Killed a sky beast
  2407 | D:5      | Reached skill level 5 in Shields
  2407 | D:5      | Reached skill level 5 in Summonings
  2407 | D:5      | Reached skill level 5 in Air Magic
  2410 | D:5      | Gained mutation: You are partially covered in thin metallic scales. (AC +2) [mutagenic meat]
  2491 | D:5      | Reached XP level 7. HP: 50/50 MP: 6/15
  2625 | D:5      | Found a glowing drain.
  2669 | Sewer    | Entered a sewer
  3736 | D:4      | Reached XP level 8. HP: 57/57 MP: 16/16
  3779 | D:4      | Found a staircase to the Ecumenical Temple.
  3799 | Temple   | Entered the Ecumenical Temple
  3830 | Temple   | Became a worshipper of Sif Muna the Loreminder
  3885 | D:4      | Got a translucent hunting sling
  3886 | D:4      | Identified the +6 hunting sling of Inflation {flame, rN+} (You found it on level 4 of the Dungeon)
  4084 | D:4      | Identified the Collected Works on Displacement
  4084 | D:4      | Identified the Incunabulum of Flight
  4342 | D:4      | Found an ornate altar of the Wu Jian Council.
  4842 | D:6      | Reached skill level 6 in Spellcasting
  4940 | D:6      | Noticed Duvessa
  4944 | D:6      | Noticed Dowan
  4989 | D:6      | Killed Duvessa
  4998 | D:6      | Killed Dowan
  5265 | D:6      | Got a brightly glowing trident
  5266 | D:6      | Identified the +10 trident "Orekhibe" {speed, rElec rPois Int+5} (You found it on level 6 of the Dungeon)
  5281 | D:6      | Found an iron altar of Okawaru.
  5381 | D:6      | Noticed Sigmund
  5389 | D:6      | Killed Sigmund
  5389 | D:6      | Reached * piety under Sif Muna
  5389 | D:6      | Reached XP level 9. HP: 54/65 MP: 18/18
  5499 | D:6      | Found Ilusov's Weapon Emporium.
  5731 | D:6      | Found a shattered altar of Ashenzari.
  5930 | D:7      | Learned a level 2 spell: Throw Flame
  5999 | D:7      | Reached skill level 5 in Conjurations
  5999 | D:7      | Reached skill level 5 in Translocations
  6252 | D:7      | Found Lyli's Food Boutique.
  6257 | D:7      | Bought a royal jelly for 28 gold pieces
  6305 | D:7      | Found a radiant altar of Vehumet.
  6888 | D:8      | Reached ** piety under Sif Muna
  7091 | D:8      | Noticed awesine's ghost (novice GrFi)
  7228 | D:8      | Reached XP level 10. HP: 73/73 MP: 20/20
  7237 | D:8      | Noticed a two-headed ogre
  7247 | D:8      | Killed a two-headed ogre
  7247 | D:8      | Reached skill level 5 in Fighting
  7247 | D:8      | Reached skill level 5 in Short Blades
  7247 | D:8      | Reached skill level 5 in Long Blades
  7247 | D:8      | Reached skill level 5 in Axes
  7247 | D:8      | Reached skill level 5 in Maces & Flails
  7247 | D:8      | Reached skill level 5 in Polearms
  7247 | D:8      | Reached skill level 5 in Staves
  7247 | D:8      | Reached skill level 5 in Slings
  7247 | D:8      | Reached skill level 5 in Bows
  7247 | D:8      | Reached skill level 5 in Crossbows
  7247 | D:8      | Reached skill level 5 in Throwing
  7247 | D:8      | Reached skill level 5 in Armour
  7247 | D:8      | Reached skill level 5 in Dodging
  7247 | D:8      | Reached skill level 5 in Stealth
  7247 | D:8      | Reached skill level 5 in Unarmed Combat
  7247 | D:8      | Reached skill level 7 in Spellcasting
  7247 | D:8      | Reached skill level 5 in Hexes
  7247 | D:8      | Reached skill level 5 in Charms
  7247 | D:8      | Reached skill level 5 in Necromancy
  7247 | D:8      | Reached skill level 5 in Transmutations
  7247 | D:8      | Reached skill level 5 in Fire Magic
  7247 | D:8      | Reached skill level 5 in Ice Magic
  7247 | D:8      | Reached skill level 5 in Earth Magic
  7247 | D:8      | Reached skill level 5 in Poison Magic
  7247 | D:8      | Reached skill level 5 in Invocations
  7247 | D:8      | Reached skill level 5 in Evocations
  7407 | D:8      | Mangled by awesine's ghost

Vault maps used:
D:1:      shiori_arrival_elements
D:3:      lemuel_crystal_altar, st_stairs_1, fedhas_altar_3
D:4:      lemuel_round_altar, minmay_temple_entry_mist, minmay_misc_feat_hallway
D:5:      cheibrodos_sewer_entry_bend, first_bread, st_stairs_8,
          nicolae_ru_great_annihilating_truth
D:6:      kennysheep_mini_moat, serial_shops, shop, basic_altar,
          kennysheep_diamond, uniq_sigmund, uniq_duvessa
D:7:      kennysheep_mini, serial_shops, kennysheep_little_box
D:8:      minitemple
Temple:   nicolae_temple_figure_eight
Sewer:    sewer_minmay_treatment

Skill      XL: |  1  2  3  4  5  6  7  8  9 10 |
---------------+-------------------------------+-----
Spellcasting   | 5 6 7 |  7.1
Fighting       | 1 2 3 4 5 |  5.0
Short Blades   | 1 2 3 4 5 |  5.0
Long Blades    | 1 2 3 4 5 |  5.0
Axes           | 1 2 3 4 5 |  5.0
Maces & Flails | 1 2 3 4 5 |  5.0
Polearms       | 1 2 3 4 5 |  5.0
Staves         | 1 2 3 4 5 |  5.0
Slings         | 1 2 3 4 5 |  5.0
Bows           | 1 2 3 4 5 |  5.0
Crossbows      | 1 2 3 4 5 |  5.0
Throwing       | 1 2 3 4 5 |  5.0
Armour         | 1 2 3 4 5 |  5.0
Dodging        | 1 2 3 4 5 |  5.0
Stealth        | 1 2 3 4 5 |  5.0
Unarmed Combat | 1 2 3 4 5 |  5.0
Hexes          | 1 2 3 4 5 |  5.0
Charms         | 1 2 3 4 5 |  5.0
Necromancy     | 1 2 3 4 5 |  5.0
Transmutations | 1 2 3 4 5 |  5.0
Fire Magic     | 1 2 3 4 5 |  5.0
Ice Magic      | 1 2 3 4 5 |  5.0
Earth Magic    | 1 2 3 4 5 |  5.0
Poison Magic   | 1 2 3 4 5 |  5.0
Invocations    | 1 2 3 4 5 |  5.0
Evocations     | 1 2 3 4 5 |  5.0
Conjurations   | 3 4 5 |  5.6
Translocations | 3 4 5 |  5.6
Shields        | 5 6 |  6.8
Summonings     | 5 6 |  6.8
Air Magic      | 5 6 |  6.8

Action                   |  1- 3 |  4- 6 |  7- 9 | 10-12 || total
-------------------------+-------+-------+-------+-------++-------
Melee: Club              |     5 |       |       |       ||     5
       Dagger            |    42 |   125 |   331 |       ||   498
       Bite              |     4 |    14 |    71 |     5 ||    94
       Punch             |       |     1 |    13 |     2 ||    16
       Trident           |       |       |   177 |    29 ||   206
Throw: Javelin           |       |       |     1 |       ||     1
 Cast: Magic Dart        |    46 |    51 |    91 |       ||   188
       Throw Flame       |       |       |     2 |     7 ||     9
  Use: Scroll            |     1 |     5 |     4 |       ||    10
       Potion            |       |     1 |       |       ||     1
 Stab: Sleeping          |     1 |       |     7 |       ||     8
       Invisible         |       |     1 |       |       ||     1
       Paralysed         |       |     1 |       |       ||     1
       Distracted        |       |       |     2 |       ||     2
  Eat: Chunk             |     1 |     8 |     5 |     1 ||    15
       Bread ration      |       |       |     1 |       ||     1
       Meat ration       |       |       |     1 |       ||     1
       Fruit             |       |       |     1 |       ||     1
Armor: Leather armour    |    19 |    38 |   140 |     1 ||   198
       Robe              |     1 |       |       |       ||     1
       Skin              |       |       |     1 |       ||     1
Dodge: Dodged            |    47 |   100 |   320 |    10 ||   477

Table legend:
 A = Spawn XP
 B = Non-spawn XP
 C = Spawn XP percentage of total XP
 D = Spawn monster count
 E = Non-spawn monster count
 F = Spawn count percentage of total count
 G = Total turns spent on level
                    A         B        C        D         E        F      G
               +---------+---------+-------+---------+---------+-------+---------
         Total |       0 |    5592 |   0.0 |       0 |     240 |   0.0 |  7407
               +---------+---------+-------+---------+---------+-------+---------
           D:1 |       0 |      35 |   0.0 |       0 |      21 |   0.0 |   717
           D:2 |       0 |      73 |   0.0 |       0 |      22 |   0.0 |   737
           D:3 |       0 |      27 |   0.0 |       0 |      17 |   0.0 |   595
           D:4 |       0 |     452 |   0.0 |       0 |      18 |   0.0 |  1001
           D:5 |       0 |     863 |   0.0 |       0 |      40 |   0.0 |  1065
           D:6 |       0 |    1337 |   0.0 |       0 |      33 |   0.0 |  1051
           D:7 |       0 |    1028 |   0.0 |       0 |      24 |   0.0 |  1028
           D:8 |       0 |    1629 |   0.0 |       0 |      17 |   0.0 |   536
         Sewer |       0 |     148 |   0.0 |       0 |      48 |   0.0 |   635
               +---------+---------+-------+---------+---------+-------+---------
